MLB
COLORADO ROCKIES @ CHICAGO (N) CUBS
05/29/2042
 
TOP OF THE 1ST
Colorado Rockies batting - Pitching for Chicago (N) Cubs : RHP Robby Boggs
Pitching: RHP Robby Boggs
Batting: RHB Jorge Esquivel 0-0: Ball
1-0: Called Strike
1-1: Ball
2-1: Ball
3-1: Foul Ball, location: 3F
3-2: SINGLE (Groundball, 13S, EV 74.4 MPH) (infield hit)
Batting: LHB Dan Pérez 0-0: Foul Ball, location: 2F
0-1: Called Strike
Jorge Esquivel steals 2nd, throwing error, E2
Jorge Esquivel to third
0-2: Ball
1-2: Ground out 4-3 (Groundball, 4MD, EV 94.4 MPH)
Jorge Esquivel scores
Batting: LHB Mario Mendoza 0-0: Ball
1-0: Ball
2-0: Called Strike
2-1: Called Strike
2-2: Strikes out swinging
Batting: LHB António Fernández 0-0: Ball
1-0: Foul Ball, location: 7LSF
1-1: SINGLE (Popup, 6MD, EV 48.8 MPH)
Batting: RHB Joe Thompson 0-0: Called Strike
0-1: Ball
1-1: Single, Error in OF, E8, batter to second base (Groundball, 4MD, EV 106.9 MPH)
António Fernández to third
Batting: RHB Derek Hallyard 0-0: Ball
1-0: Ball
2-0: Fly out, F8 (Line Drive, 8LS, EV 100.6 MPH)
Top of the 1st over - 1 run, 3 hits, 2 errors, 2 left on base; Colorado 1 - Chicago (N) 0
BOTTOM OF THE 1ST
Chicago (N) Cubs batting - Pitching for Colorado Rockies : RHP Orlando Bernard
Pitching: RHP Orlando Bernard
Batting: LHB Juan De Los Santos 0-0: Ground out 4-3 (Groundball, 4, EV 83.8 MPH)
Batting: RHB Tony Aguirre 0-0: Ground out 5-3 (Groundball, 56, EV 109.4 MPH)
Batting: LHB Bob Johnson 0-0: Called Strike
0-1: Swinging Strike
0-2: Ground out 5-3 (Groundball, 6, EV 88.1 MPH)
Bottom of the 1st over - 0 runs, 0 hits, 0 errors, 0 left on base; Colorado 1 - Chicago (N) 0
TOP OF THE 2ND
Colorado Rockies batting - Pitching for Chicago (N) Cubs : RHP Robby Boggs
Batting: RHB Steve O'Brien 0-0: Called Strike
0-1: Foul Ball, location: 2F
0-2: Ball
1-2: Foul Ball, location: 5F
1-2: Ball
2-2: Fly out, F9 (Flyball, 9D, EV 110.6 MPH)
Batting: RHB Bob Jacobs 0-0: Ball
1-0: Foul Ball, location: 2F
1-1: Ball
2-1: Ball
3-1: Fly out, F8 (Line Drive, 78M, EV 107.5 MPH)
Batting: RHB Alec Kimpton 0-0: Ball
1-0: Called Strike
1-1: Ball
2-1: Foul Ball, location: 3F
2-2: Ground out 5-3 (Groundball, 56, EV 108.8 MPH)
Top of the 2nd over - 0 runs, 0 hits, 0 errors, 0 left on base; Colorado 1 - Chicago (N) 0
BOTTOM OF THE 2ND
Chicago (N) Cubs batting - Pitching for Colorado Rockies : RHP Orlando Bernard
Batting: LHB Paolo Pacheco 0-0: Called Strike
0-1: Ball
1-1: Swinging Strike
1-2: Strikes out swinging
Batting: RHB Tim Walsh 0-0: Ball
1-0: Ground out 4-3 (Groundball, P, EV 86.9 MPH)
Batting: LHB Luis Cardenas 0-0: Ball
1-0: Swinging Strike
1-1: DOUBLE (Flyball, 8RXD, EV 104.4 MPH)
Batting: RHB Màximo Guera 0-0: Fly out, F9 (Flyball, 9LS, EV 87.5 MPH)
Bottom of the 2nd over - 0 runs, 1 hit, 0 errors, 1 left on base; Colorado 1 - Chicago (N) 0
TOP OF THE 3RD
Colorado Rockies batting - Pitching for Chicago (N) Cubs : RHP Robby Boggs
Batting: RHB Jorge Esquivel 0-0: Called Strike
0-1: Foul Ball, location: 3F
0-2: Fly out, F7 (Flyball, 7D, EV 101.3 MPH)
Batting: LHB Dan Pérez 0-0: Ball
1-0: Called Strike
1-1: Ball
2-1: Ball
3-1: Base on Balls
Batting: LHB Mario Mendoza 0-0: Ball
1-0: Foul Ball, location: 2F
1-1: SINGLE (Groundball, 4MD, EV 102.5 MPH)
Dan Pérez to second
Runner from 2nd tries for 3rd, SAFE, throw by CF made to third
Batting: LHB António Fernández 0-0: Ball
Mario Mendoza is caught stealing 2nd base 2-6
1-0: Ball
2-0: Foul Ball, location: 2F
2-1: Ball
3-1: Called Strike
3-2: Base on Balls
Batting: RHB Joe Thompson 0-0: Ball
1-0: Foul Ball, location: 5F
1-1: Called Strike
1-2: Strikes out swinging
Top of the 3rd over - 0 runs, 1 hit, 0 errors, 2 left on base; Colorado 1 - Chicago (N) 0
BOTTOM OF THE 3RD
Chicago (N) Cubs batting - Pitching for Colorado Rockies : RHP Orlando Bernard
Batting: RHB Juan Cuevas 0-0: Ball
1-0: Ball
2-0: Ball
3-0: Called Strike
3-1: SINGLE (Groundball, 3S, EV 65.0 MPH) (infield hit)
Batting: SHB José Contreras 0-0: Called Strike
0-1: Bunted foul
0-2: Ball
1-2: Ball
2-2: Foul Ball, location: 2F
2-2: Foul Ball, location: 3DF
2-2: Ball
3-2: Base on Balls
Juan Cuevas to second
Batting: LHB Juan De Los Santos 0-0: Ball
1-0: Grounds into double play, 4-6-3 (Groundball, 4, EV 84.4 MPH)
Juan Cuevas to third
Batting: RHB Tony Aguirre 0-0: Ball
1-0: Ball
2-0: Ball
3-0: Called Strike
3-1: Swinging Strike
3-2: Base on Balls
Batting: LHB Bob Johnson 0-0: Ball
1-0: Fly out, F8 (Flyball, 89S, EV 90.6 MPH)
Bottom of the 3rd over - 0 runs, 1 hit, 0 errors, 2 left on base; Colorado 1 - Chicago (N) 0
TOP OF THE 4TH
Colorado Rockies batting - Pitching for Chicago (N) Cubs : RHP Robby Boggs
Batting: RHB Derek Hallyard 0-0: Ball
1-0: Ball
2-0: Called Strike
2-1: Foul Ball, location: 3SF
2-2: Strikes out swinging
Batting: RHB Steve O'Brien 0-0: Ball
1-0: Ground out 5-3 (Groundball, 56S, EV 82.5 MPH)
Batting: RHB Bob Jacobs 0-0: Foul Ball, location: 9LSF
0-1: Ball
1-1: DOUBLE (Line Drive, 7LD, EV 106.3 MPH)
Batting: RHB Alec Kimpton 0-0: Ball
1-0: TRIPLE (Line Drive, 9LD, EV 105.6 MPH)
Bob Jacobs scores
Batting: RHB Jorge Esquivel 0-0: Called Strike
0-1: Swinging Strike
0-2: Ball
1-2: Foul Ball, location: 7LDF
1-2: Strikes out looking
Top of the 4th over - 1 run, 2 hits, 0 errors, 1 left on base; Colorado 2 - Chicago (N) 0
BOTTOM OF THE 4TH
Chicago (N) Cubs batting - Pitching for Colorado Rockies : RHP Orlando Bernard
Batting: LHB Paolo Pacheco 0-0: Fly out, F9 (Flyball, 9LM, EV 86.9 MPH)
Batting: RHB Tim Walsh 0-0: Swinging Strike
0-1: Ball
1-1: Ball
2-1: Foul Ball, location: 3SF
2-2: SOLO HOME RUN (Flyball, 7D, EV 95.6 MPH), Distance : 378 ft
Batting: LHB Luis Cardenas 0-0: Ground out U3 (Groundball, 3L, EV 87.5 MPH)
Batting: RHB Màximo Guera 0-0: Fly out, F8 (Flyball, 89D, EV 85.6 MPH)
Bottom of the 4th over - 1 run, 1 hit, 0 errors, 0 left on base; Colorado 2 - Chicago (N) 1
TOP OF THE 5TH
Colorado Rockies batting - Pitching for Chicago (N) Cubs : RHP Robby Boggs
Batting: LHB Dan Pérez 0-0: Ball
1-0: SINGLE (Groundball, 4MD, EV 95.0 MPH)
Batting: LHB Mario Mendoza 0-0: Called Strike
0-1: Ball
1-1: Grounds into double play, 4-6-3 (Groundball, 4, EV 88.1 MPH)
Batting: LHB António Fernández 0-0: Called Strike
0-1: Ball
1-1: DOUBLE (Groundball, 3L, EV 104.4 MPH)
Batting: RHB Joe Thompson 0-0: Foul Ball, location: 2F
0-1: Foul Ball, location: 2F
0-2: Foul Ball, location: 2F
0-2: Ball
1-2: Ball
2-2: Foul Ball, location: 2F
2-2: Strikes out swinging
Top of the 5th over - 0 runs, 2 hits, 0 errors, 1 left on base; Colorado 2 - Chicago (N) 1
BOTTOM OF THE 5TH
Chicago (N) Cubs batting - Pitching for Colorado Rockies : RHP Orlando Bernard
Batting: RHB Juan Cuevas 0-0: Foul Ball, location: 2F
0-1: Swinging Strike
0-2: Ball
1-2: Ball
2-2: Ground out 6-3 (Groundball, P, EV 84.4 MPH)
Batting: SHB José Contreras 0-0: Called Strike
0-1: Called Strike
0-2: Fly out, F8 (Flyball, 8RD, EV 92.5 MPH)
Batting: LHB Juan De Los Santos 0-0: Called Strike
0-1: Ball
1-1: Ball
2-1: Swinging Strike
2-2: SINGLE (Line Drive, 8RS, EV 85.0 MPH)
Batting: RHB Tony Aguirre 0-0: Foul Ball, location: 5FF
0-1: Foul Ball, location: 5FF
0-2: Ball
1-2: Foul Ball, location: 2F
1-2: Foul Ball, location: 3SF
1-2: Ball
Wild Pitch!
Juan De Los Santos to second
2-2: Ball
3-2: Base on Balls
Batting: LHB Bob Johnson 0-0: Swinging Strike
0-1: Called Strike
0-2: Ball
1-2: Ball
2-2: Fly out, F8 (Flyball, 8LXD, EV 112.5 MPH)
Bottom of the 5th over - 0 runs, 1 hit, 0 errors, 2 left on base; Colorado 2 - Chicago (N) 1
TOP OF THE 6TH
Colorado Rockies batting - Pitching for Chicago (N) Cubs : RHP Robby Boggs
Batting: RHB Derek Hallyard 0-0: Called Strike
0-1: Ball
1-1: Ball
2-1: Foul Ball, location: 7LSF
2-2: Ball
3-2: Fly out, F7 (Flyball, 78XD, EV 79.4 MPH)
Batting: RHB Steve O'Brien 0-0: Ball
1-0: Foul Ball, location: 5F
1-1: Called Strike
1-2: Fly out, F8 (Line Drive, 8LS, EV 86.3 MPH)
Batting: RHB Bob Jacobs 0-0: Ball
1-0: Ball
2-0: Called Strike
2-1: Called Strike
2-2: Fly out, F8 (Flyball, 89D, EV 100.6 MPH)
Top of the 6th over - 0 runs, 0 hits, 0 errors, 0 left on base; Colorado 2 - Chicago (N) 1
BOTTOM OF THE 6TH
Chicago (N) Cubs batting - Pitching for Colorado Rockies : RHP Orlando Bernard
Batting: LHB Paolo Pacheco 0-0: Ball
1-0: Called Strike
1-1: Ball
2-1: Ball
3-1: Called Strike
3-2: SINGLE (Groundball, 4MS, EV 77.5 MPH) (infield hit)
Batting: RHB Tim Walsh 0-0: Called Strike
Paolo Pacheco steals 2nd base
0-1: Ball
1-1: Called Strike
1-2: Ball
2-2: Ground out 5-3 (Groundball, 56, EV 106.9 MPH)
Batting: LHB Luis Cardenas 0-0: Ball
1-0: Called Strike
1-1: Ball
2-1: Foul Ball, location: 9LMF
2-2: Ground out 4-3 (Groundball, 4, EV 84.4 MPH)
Paolo Pacheco to third
Batting: RHB Màximo Guera 0-0: SINGLE (Line Drive, 4MD, EV 101.3 MPH)
Paolo Pacheco scores
Batting: RHB Juan Cuevas 0-0: Ball
1-0: TRIPLE (Flyball, 8LXD, EV 94.4 MPH)
Màximo Guera scores
Batting: SHB José Contreras 0-0: Ball
1-0: Called Strike
1-1: Foul Ball, location: 5SF
1-2: Foul Ball, location: 3F
1-2: SINGLE (Groundball, 3D, EV 95.0 MPH)
Juan Cuevas scores
Batting: LHB Juan De Los Santos 0-0: Ball
1-0: Ball
2-0: Fly out, F9 (Line Drive, 9, EV 108.1 MPH)
Bottom of the 6th over - 3 runs, 4 hits, 0 errors, 1 left on base; Colorado 2 - Chicago (N) 4
TOP OF THE 7TH
Colorado Rockies batting - Pitching for Chicago (N) Cubs : RHP Robby Boggs
Pitching: RHP Julián Trujillo
Batting: RHB Alec Kimpton 0-0: Ball
1-0: Foul Ball, location: 2F
1-1: SINGLE (Flyball, 3D, EV 93.1 MPH) - OUT at second base trying to stretch hit.
Batting: RHB Jorge Esquivel 0-0: Ball
1-0: Called Strike
1-1: SINGLE (Groundball, 34D, EV 93.8 MPH)
Batting: LHB Dan Pérez 0-0: Called Strike
0-1: Called Strike
0-2: Strikes out looking
Batting: LHB Mario Mendoza 0-0: Called Strike
0-1: Ball
1-1: Foul Ball, location: 7LDF
1-2: Foul Ball, location: 25FF
1-2: Strikes out swinging
Top of the 7th over - 0 runs, 2 hits, 0 errors, 1 left on base; Colorado 2 - Chicago (N) 4
BOTTOM OF THE 7TH
Chicago (N) Cubs batting - Pitching for Colorado Rockies : RHP Orlando Bernard
Batting: RHB Tony Aguirre 0-0: Called Strike
0-1: Ball
1-1: Ball
2-1: Foul Ball, location: 2F
2-2: Foul Ball, location: 5SF
2-2: Ball
3-2: Base on Balls
Pitching: LHP Norberto Suárez
Batting: LHB Bob Johnson 0-0: Ball
1-0: Ball
2-0: Swinging Strike
2-1: Fly out, F9 (Flyball, 9D, EV 87.5 MPH)
Batting: LHB Paolo Pacheco 0-0: Swinging Strike
0-1: Ball
1-1: Grounds into double play, U3-6 (Groundball, 3L, EV 105.0 MPH)
Bottom of the 7th over - 0 runs, 0 hits, 0 errors, 0 left on base; Colorado 2 - Chicago (N) 4
TOP OF THE 8TH
Colorado Rockies batting - Pitching for Chicago (N) Cubs : RHP Julián Trujillo
Batting: LHB António Fernández 0-0: Called Strike
0-1: Called Strike
0-2: Ball
1-2: Ball
2-2: Foul Ball, location: 9LDF
2-2: SINGLE (Line Drive, 9S, EV 88.1 MPH)
Batting: RHB Joe Thompson 0-0: Ball
1-0: Called Strike
1-1: Called Strike
1-2: SINGLE (Groundball, 56D, EV 101.3 MPH)
António Fernández to second
Pitching: RHP José Ríos
Batting: RHB Derek Hallyard 0-0: Ball
1-0: Fly out, F4 (Popup, 34D, EV 63.1 MPH)
Pinch Hitting: LHB Álex Cepeda 0-0: Ball
1-0: Foul Ball, location: 2F
1-1: Ball
2-1: Grounds out, U3 (Groundball, 3L, EV 81.9 MPH)
António Fernández to third
Batting: RHB Bob Jacobs 0-0: Ball
1-0: Ground out 5-3 (Groundball, 56S, EV 93.1 MPH)
Top of the 8th over - 0 runs, 2 hits, 0 errors, 2 left on base; Colorado 2 - Chicago (N) 4
BOTTOM OF THE 8TH
Chicago (N) Cubs batting - Pitching for Colorado Rockies : LHP Norberto Suárez
Pitching: RHP Ánibal Cordero
Now at 3B: Ken Keith
Batting: RHB Tim Walsh 0-0: Ball
1-0: Called Strike
1-1: Ball
2-1: Ball
3-1: Ground out 5-3 (Groundball, 56, EV 83.1 MPH)
Batting: LHB Luis Cardenas 0-0: Ball
1-0: Ball
2-0: Called Strike
2-1: Called Strike
2-2: Ground out 4-3 (Groundball, 4, EV 83.1 MPH)
Batting: RHB Màximo Guera 0-0: Ball
1-0: DOUBLE (Line Drive, 9LM, EV 100.6 MPH)
Batting: RHB Juan Cuevas 0-0: Fly out, F9 (Line Drive, 9, EV 87.5 MPH)
Bottom of the 8th over - 0 runs, 1 hit, 0 errors, 1 left on base; Colorado 2 - Chicago (N) 4
TOP OF THE 9TH
Colorado Rockies batting - Pitching for Chicago (N) Cubs : RHP José Ríos
Batting: RHB Alec Kimpton 0-0: Ball
1-0: Called Strike
1-1: Foul Ball, location: 23F
1-2: Ball
2-2: Fly out, F9 (Flyball, 9D, EV 84.4 MPH)
Batting: RHB Jorge Esquivel 0-0: Called Strike
0-1: Called Strike
0-2: Ball
1-2: Ball
2-2: Fly out, F9 (Flyball, 9LM, EV 91.3 MPH)
Batting: LHB Dan Pérez 0-0: Called Strike
0-1: Foul Ball, location: 2F
0-2: Fly out, F8 (Flyball, 8RM, EV 95.0 MPH)
Top of the 9th over - 0 runs, 0 hits, 0 errors, 0 left on base; Colorado 2 - Chicago (N) 4
Friday, May 3rd , 2024 - OOTP Baseball 24.10 Build 82